 Dungeon Crawl Stone Soup version 0.25.1-2-g60ff931df9 (webtiles) character file.

Game seed: 3785887760017940824

3301 Martska the Archer (level 9, -2/79 HPs)
             Began as a Centaur Hunter on Oct 13, 2020.
             Was a Priest of Okawaru.
             Killed from afar by Erica (22 damage)
             ... with a bolt of acid
             ... on level 8 of the Dungeon.
             The game lasted 00:30:24 (10435 turns).

Martska the Archer (Centaur Hunter)                Turns: 10435, Time: 00:30:24

Health: -2/79      AC:  5    Str: 18    XL:     9   Next: 70%
Magic:  14/14      EV:  9    Int: 16    God:    Okawaru [***...]
Gold:   371        SH:  0    Dex: 10    Spells: 11/15 levels left

rFire    . . .     SeeInvis .   a - +1 shortbow
rCold    . . .     Gourm    .   (shield currently unavailable)
rNeg     . . .     Faith    .   c - +0 leather armour
rPois    +         Spirit   .   (no helmet)
rElec    .         Reflect  .   (no cloak)
rCorr    .         Harm     .   t - +0 pair of gloves
MR       .....                  (no barding)
Stlth    +.........             G - amulet of regeneration
HPRegen  0.63/turn              F - +6 ring of intelligence
MPRegen  0.14/turn              D - ring of poison resistance

@: slowed
A: large, hooves 3, deformed body, speed 2, tough skin 3
a: Heroism, Renounce Religion


You were on level 8 of the Dungeon.
You worshipped Okawaru.
Okawaru was most pleased with you.
You were not hungry.

You visited 2 branches of the dungeon, and saw 9 of its levels.

You collected 371 gold pieces.

Inventory:

Hand Weapons
 a - a +1 shortbow (weapon)
 b - a +0 short sword
Missiles
 d - 13 arrows (quivered)
Armour
 c - a +0 leather armour (worn)
 t - a +0 pair of gloves (worn)
Jewellery
 h - an uncursed ring of ice
 D - a ring of poison resistance (right hand)
 F - a +6 ring of intelligence (left hand)
 G - an amulet of regeneration (around neck)
 M - an uncursed amulet of reflection {unknown}
Wands
 I - a wand of polymorph (5)
Scrolls
 g - 5 scrolls of remove curse
 j - 2 scrolls of teleportation
 k - 2 scrolls of immolation
 l - 2 scrolls of random uselessness
 q - a scroll of fear {unknown}
 r - 4 scrolls of fog
 s - 3 scrolls of enchant armour
 x - 2 scrolls of amnesia
 y - a scroll of enchant weapon
 C - a scroll of vulnerability
 E - 3 scrolls of noise
 H - a scroll of torment {unknown}
 K - a scroll of magic mapping {unknown}
 L - a scroll of identify
Potions
 e - 2 potions of berserk rage
 i - 2 potions of magic {unknown}
 m - 7 potions of curing {unknown}
 n - 5 potions of cancellation {unknown}
 o - a potion of mutation {unknown}
 p - a potion of might {unknown}
 u - a potion of brilliance {unknown}
 v - a potion of resistance {unknown}
 w - 2 potions of stabbing {unknown}
 z - 2 potions of degeneration {unknown}
 A - 3 potions of flight {unknown}
 B - a potion of heal wounds {unknown}
 J - a potion of haste {unknown}
Comestibles
 f - 18 rations


   Skills:
 * Level 7.5 Fighting
 + Level 10.3 Bows
 - Level 1.3 Dodging
 - Level 0.4 Stealth
 * Level 7.1 Unarmed Combat
 + Level 3.5 Spellcasting
 + Level 2.8 Transmutations


You had 11 spell levels left.
You knew the following spells:

 Your Spells              Type           Power        Failure   Level  Hunger
a - Ice Form              Ice/Tmut       #.......     75%         4    ####...

Your spell library contained the following spells:

 Spells                   Type           Power        Failure   Level  Hunger
 Freeze                   Ice            #...         22%         1    None
 Frozen Ramparts          Ice            #.....       54%         3    ###....
 Ozocubu's Armour         Chrm/Ice       #.......     54%         3    ###....
 Hailstorm                Conj/Ice       #.......     91%         4    ####...
 Summon Ice Beast         Ice/Summ       #.......     91%         4    ####...
 Metabolic Englaciation   Hex/Ice        #.........   99%         5    ######.
 Freezing Cloud           Conj/Ice/Air   #.........   100%        6    #######
 Ozocubu's Refrigeration  Ice            #.........   100%        6    #######
 Simulacrum               Ice/Necr       #.........   100%        6    #######


Dungeon Overview and Level Annotations

Branches:
Dungeon (8/15)             Temple (1/1) D:5
   Lair: D:8-11

Altars:
Ashenzari
Dithmenos
Elyvilon
Fedhas
Gozag
Hepliaklqana
Kikubaaqudgha
Makhleb
Nemelex Xobeh
Okawaru
Qazlal
Ru
Sif Muna
Trog
Uskayaw
Vehumet
Wu Jian
Yredelemnul
Zin
The Shining One

Annotations:
D:8 Erica


Innate Abilities, Weirdness & Mutations

You have hooves in place of feet.
Armour fits poorly on your strangely shaped body.
You cover ground very quickly.
You have extremely tough skin. (AC +3)


Message History

Firing (i - inventory)
d - 15 arrows (quivered)
Press: ? - help, Shift-Dir - straight line, f/p - Erica
Aim: Erica, wielding a +1 scimitar of flaming, wearing a +0 robe and carrying a wand of acid (7) (lightly wounded)
You shoot an arrow. The arrow closely misses Erica.
Firing (i - inventory)
d - 14 arrows (quivered)
Press: ? - help, Shift-Dir - straight line, f/p - Erica
Aim: Erica, wielding a +1 scimitar of flaming, wearing a +0 robe and carrying a wand of acid (7) (lightly wounded)
You shoot an arrow. The arrow hits Erica.
Erica is lightly wounded.
You hear the steady creaking of a very distant portcullis.
Erica points at you and mumbles some strange words.
The lance of force hits you!!
* * * LOW HITPOINT WARNING * * *
You are knocked back by the lance of force.
You slam into the rock wall!
* * * LOW HITPOINT WARNING * * *
Erica gestures at you while chanting. The bolt of poison misses you.
Erica zaps a wand.
The bolt of acid hits you!!
You die...

#####.#.##........# #.....##.
#.....#.##.######.####.....##.
#.#####.##.# #.#.......###.
####.#####.##.# #.#.###...# #.
#..........##.# #.#.# #...# #.
##(#.########.# #.#.# #...# #.
#.#..........# #.#.# #...# #.
#.#################.#.# #...#
#. #(# #.....@..#.#.# ##'####.
#.# #@######.#.#.# #.##... #@#
#.#........#.# #.##.## #.#
#.##.###.###.# #....#
#.########@##.....#
#.##########
#.....@....######.#
#.........[. ##########.# #.#
#.########## ### ### ###


You could see Erica.

Vanquished Creatures
  Pikel (D:5)
  Grinder (D:5)
  Sigmund (D:3)
  A human (D:7)
  4 hogs (D:7)
  Duvessa (D:7)
  2 slaves (D:5)
  A black bear (D:5)
  3 ogres
  A centaur (D:5)
  2 bullfrogs
  Dowan (D:7)
  5 wights (D:6)
  A howler monkey (D:6)
  A bullfrog zombie (D:6)
  4 hounds
  2 jellies (D:6)
  7 orc wizards
  2 orc priests
  An iguana (D:7)
  3 worker ants
  A hound skeleton (D:7)
  A hound zombie (D:5)
  Robin (D:3)
  3 gnolls (D:4)
  7 adders
  A shadow imp (D:5)
  2 oozes
  An adder skeleton (D:5)
  2 worms (D:3)
  2 dart slugs
  7 leopard geckos
  26 orcs
  2 bats (D:1)
  4 giant cockroaches
  17 goblins
  11 hobgoblins
  18 jackals
  7 kobolds
  5 quokkas
  2 ball pythons
  4 frilled lizards
  A quokka skeleton (D:8)
  9 rats
179 creatures vanquished.

Notes
Turn   | Place    | Note
-------+----------+-------------------------------------------
     0 | D:1      | Martska the Centaur Hunter began the quest for the Orb.
     0 | D:1      | Reached XP level 1. HP: 17/17 MP: 1/1
    83 | D:1      | Reached XP level 2. HP: 10/24 MP: 2/2
   287 | D:1      | Reached skill level 1 in Unarmed Combat
   887 | D:2      | Reached XP level 3. HP: 26/30 MP: 3/3
  1153 | D:2      | Found a faded altar of an unknown god.
  1748 | D:2      | Reached skill level 6 in Bows
  2691 | D:3      | Reached XP level 4. HP: 37/37 MP: 4/4
  3298 | D:3      | Noticed Sigmund
  3337 | D:3      | Killed Sigmund
  3337 | D:3      | Reached skill level 1 in Spellcasting
  3337 | D:3      | Reached XP level 5. HP: 34/45 MP: 6/6
  3571 | D:3      | Reached XP level 6. HP: 49/52 MP: 7/7
  3816 | D:3      | Noticed Robin
  3870 | D:3      | Killed Robin
  4164 | D:4      | Reached skill level 7 in Bows
  4522 | D:5      | Entered Level 5 of the Dungeon
  5421 | D:5      | Found a staircase to the Ecumenical Temple.
  5441 | Temple   | Entered the Ecumenical Temple
  5518 | Temple   | Became a worshipper of Warmaster Okawaru
  5555 | D:5      | Noticed Grinder
  5596 | D:5      | Paralysed by Grinder for 4 turns
  5607 | D:5      | Paralysed by Grinder for 7 turns
  5727 | D:5      | Killed Grinder
  5727 | D:5      | Reached XP level 7. HP: 7/60 MP: 8/10
  6074 | D:5      | Reached * piety under Okawaru
  6134 | Temple   | Reached skill level 8 in Bows
  6242 | D:5      | Reached skill level 5 in Fighting
  6717 | D:5      | Reached XP level 8. HP: 68/68 MP: 11/11
  7017 | D:5      | Found a blossoming altar of Fedhas.
  7066 | D:5      | Noticed Pikel
  7165 | D:5      | Killed Pikel
  7165 | D:5      | Reached ** piety under Okawaru
  7165 | D:5      | Reached skill level 9 in Bows
  7165 | D:5      | Reached skill level 5 in Unarmed Combat
  7998 | D:6      | Reached XP level 9. HP: 78/78 MP: 13/13
  8372 | D:7      | Learned a level 4 spell: Ice Form
  8524 | D:7      | Reached skill level 10 in Bows
  8724 | D:7      | Reached skill level 1 in Transmutations
  8733 | D:7      | Found a shimmering blue altar of Sif Muna.
  8878 | D:7      | Noticed Duvessa
  8878 | D:7      | Noticed Dowan
  8911 | D:7      | Killed Duvessa
  8912 | D:7      | Killed Dowan
  9052 | D:7      | Reached *** piety under Okawaru
  9863 | D:7      | Found a sparkling altar of Nemelex Xobeh.
 10375 | D:8      | Noticed Erica
 10435 | D:8      | Killed from afar by Erica

Illustrated notes

Levels and vault maps discovered:
D:1:      matt_arrival_grand_opening, layout_rooms
D:2:      layout_basic, chequers_ecumenical_altar_simple, serial_forest,
          infiniplex_forest_clump_medium, infiniplex_forest_straight_2,
          infiniplex_forest_clump_curved, infiniplex_forest_lined_2,
          infiniplex_forest_straight_4, infiniplex_forest_clump_diagonal,
          infiniplex_forest_end_2, infiniplex_forest_zigzag_1,
          infiniplex_forest_lined_ring, infiniplex_forest_end_2
D:3:      layout_basic, first_ration, st_stairs_4, uniq_robin, uniq_sigmund
D:4:      layout_basic
D:5:      minmay_opposing_rooms, layout_gridville,
          nicolae_overflow_hidden_temple, temple_statues, uniq_pikel,
          uniq_grinder
D:6:      layout_cave_pools
D:7:      layout_layer_cave, tgw_sif, grunt_livestock,
          nemelex_spade_bored_becter, uniq_duvessa
D:8:      layout_basic, slow_altar_1, lair_entry_dummy, enter_bailey_2,
          uniq_erica
Temple:   compressed_dpeg_circular_temple

Skill      XL: |  1  2  3  4  5  6  7  8  9 |
---------------+----------------------------+-----
Unarmed Combat | 1 2 3 4 6 7 |  7.1
Bows           | 6 7 8 9 10 | 10.3
Fighting       | 3 4 5 6 7 |  7.5
Spellcasting   | 1 2 3 |  3.5
Transmutations | 2 |  2.8
Dodging        | |  1.3
Stealth        | |  0.4

Action                   |  1- 3 |  4- 6 |  7- 9 || total
-------------------------+-------+-------+-------++-------
Melee: Short sword       |   121 |    87 |    35 ||   243
       Kick              |    23 |    23 |    21 ||    67
       Punch             |       |       |     2 ||     2
       Unarmed           |       |       |    75 ||    75
 Fire: Shortbow          |     8 |   183 |   278 ||   469
Invok: Heroism           |       |       |     1 ||     1
  Use: Scroll            |       |       |    10 ||    10
  Eat: Chunk             |     2 |     6 |     6 ||    14
       Ration            |     1 |       |     2 ||     3
Armor: Leather armour    |    46 |    40 |    43 ||   129
Dodge: Dodged            |    66 |    84 |    89 ||   239
